 Dungeon Crawl Stone Soup version 0.31.0-11-ge490571c62 (webtiles) character file.

Game seed: 2653439511099249068

114 Ijustatesigmund the Digger (level 4, -1/26 HPs)
             Began as a Gargoyle Earth Elementalist on Jan 26, 2024.
             Slain by Robin
             ... wielding a +0 mace of holy wrath
              (6 damage)
             ... on level 3 of the Dungeon.
             The game lasted 00:03:39 (2495 turns).

Ijustatesigmund the Digger (GrEE)                   Turns: 2495, Time: 00:03:39

Health: -1/26      AC:  6    Str:  9 (12) XL:     4   Next: 97%
Magic:  6/8        EV: 11    Int: 15 (17) God:
Gold:   169        SH:  0    Dex:  8 (10) Spells: 4/8 levels left

rFire   + . .        e - +1 whip (venom)
rCold   + . .        (no shield)
rNeg    + . .        a - +1 robe
rPois   ∞            (no helmet)
rElec   +            (no cloak)
rCorr   +            (no gloves)
SInv    .            (no boots)
Will    .....        (no amulet)
Stlth   ++           (no ring)
HPRegen 0.24/turn    (no ring)
MPRegen 0.11/turn

%: no passive effects
@: resistant
A: sickness immunity, AC +3, negative energy resistance 1, electricity
resistance, torment resistance 1, petrification resistance
a: no special abilities


You were on level 3 of the Dungeon.
You visited 1 branch of the dungeon, and saw 3 of its levels.

You collected 169 gold pieces.

Inventory:

Hand Weapons
 e - a +1 whip of venom (weapon)
Armour
 a - a +1 robe (worn)
Jewellery
 q - a ring of protection from fire
Scrolls
 c - 3 scrolls of teleportation {unknown}
 d - 2 scrolls of identify {unknown}
 h - a scroll of blinking {unknown}
 i - 2 scrolls of enchant weapon {unknown}
 j - a scroll of brand weapon {unknown}
 k - a scroll of enchant armour
 l - a scroll of fog {unknown}
 n - a scroll of noise {unknown}
 o - a scroll of immolation {unknown}
Potions
 b - a potion of magic
 m - a potion of curing {unknown}


   Skills:
 + Level 2.0 Fighting
 - Level 1.5 Dodging
 - Level 2.1 Stealth
 + Level 2.8 Spellcasting
 + Level 2.6 Conjurations
 + Level 4.5 Earth Magic


You had 4 spell levels left.
You knew the following spells:

 Your Spells              Type           Power      Damage    Failure   Level
a - Sandblast             Erth           30%        2d9       3%          1
b - Stone Arrow           Conj/Erth      26%        3d8       14%         3

Your spell library contained the following spells:

 Spells                   Type           Power      Damage    Failure   Level
 Magic Dart               Conj           40%        1d5       7%          1
 Passwall                 Erth           15%        N/A       10%         3
 Blink                    Tloc           4%         N/A       30%         2
 Call Imp                 Summ           4%         N/A       30%         2
 Brom's Barrelling Bould  Conj/Erth      13%        2d4       41%         4
 Petrify                  Alch/Erth      8%         N/A       63%         4


Dungeon Overview and Level Annotations

Branches:
Dungeon (3/15)

Altars:

Annotations:
D:3 Robin


Innate Abilities, Weirdness & Mutations

You are immune to sickness and miasma.
Your stone body is resilient. (AC +3)
You are immune to poison.
You resist negative energy. (rN+)
You are resistant to electric shocks. (rElec)
You are resistant to unholy torment.
You are immune to petrification.


Message History

The blast of sand misses the hound skeleton.
The hound skeleton bites you. Robin throws the goblin at you!
You closely miss the goblin. The goblin hits you but does no damage.
You hit the goblin but do no damage. The goblin closely misses you.
The hound skeleton bites you.
You hit the goblin.
You kill the goblin!
The hound skeleton bites you but does no damage.
The hound skeleton barely misses you.
You see here a +0 dagger.
The hobgoblin no longer looks unusually strong.
You barely miss Robin.
Robin roars a battlecry!
The hobgoblin goes into a battle-frenzy!
You hit Robin.
Robin is poisoned.
Robin is lightly wounded.
Robin hits you but does no damage.
Robin hits you with a +0 mace of holy wrath.
* * * LOW HITPOINT WARNING * * *
You barely miss Robin.
Robin is lightly wounded.
Robin closely misses you.
Casting: Sandblast (safe; 3% risk of failure)
Confirm with . or Enter, or press ? or * to list all spells.
Aiming: Sandblast (safe; 3% risk of failure)
Press: ? - help, Shift-Dir - straight line, f/p - hound skeleton
Aim: a hound skeleton (lightly damaged, 91% to hit)
The blast of sand misses Robin.
The blast of sand hits the hobgoblin.
The hobgoblin is lightly wounded.
Robin hits you with a +0 mace of holy wrath.
* * * LOW HITPOINT WARNING * * *
You closely miss Robin.
Robin is moderately wounded.
Robin barely misses you.
You hit Robin but do no damage.
Robin looks even sicker.
Robin is moderately wounded.
Robin hits you with a +0 mace of holy wrath.
You die...
Robin calls out, "Let's celebrate!
Time for a feast!"

#..
#........#.............###.#
#. ##########.............#
'# .. ...................# g
.######............# .
#............# .
#Z#####+###.## .. #g#
#.###.# #g# ##.#...# #@#
#......# #.# #......# #.#
#.....## #.# #.....####
#.####..........
#........#######
...#####....#... #.#
#........## #.#........


You could see Robin (very poisoned), a hobgoblin (strong) and a hound skeleton.

Vanquished Creatures
  4 adders (D:2)
  2 dart slugs (D:1)
  A ribbon worm (D:2)
  8 ball pythons
  3 bats
  4 endoplasms
  3 giant cockroaches (D:2)
  12 goblins
  9 hobgoblins
  2 jackals (D:2)
  5 quokkas
  4 frilled lizards
  3 kobolds
  6 rats
66 creatures vanquished.

Notes
Turn   | Place    | Note
-------+----------+-------------------------------------------
     0 | D:1      | Ijustatesigmund the Gargoyle Earth Elementalist began the
                  | quest for the Orb.
     0 | D:1      | Reached XP level 1. HP: 10/10 MP: 3/3
   260 | D:1      | Reached XP level 2. HP: 13/16 MP: 0/5
   474 | D:1      | Reached skill level 1 in Fighting
   527 | D:1      | Found a faded altar of an unknown god.
   677 | D:1      | Reached skill level 4 in Earth Magic
   734 | D:1      | Reached XP level 3. HP: 20/20 MP: 4/6
  1414 | D:2      | Reached XP level 4. HP: 25/25 MP: 5/7
  1494 | D:2      | Learned a level 3 spell: Stone Arrow
  2408 | D:3      | Noticed Robin
  2495 | D:3      | Slain by Robin

Illustrated notes

Levels and vault maps discovered:
D:1:      zelgadis_glass_arrival_small, layout_basic,
          hellmonk_ecumenical_altar_heavens_door, hangedman_feature_mirror
D:2:      minmay_chambers_of_twos, layout_loops_ring, minivault_27
D:3:      layout_basic, serial_undead, serial_undead_e, serial_undead_f,
          serial_undead_d, serial_undead_a, uniq_robin, uniq_grinder

Skill      XL: |  1  2  3  4 |
---------------+-------------+-----
Fighting       | 1 2 |  2.0
Earth Magic    | 4 |  4.5
Conjurations   | 2 |  2.6
Dodging        | |  1.5
Stealth        | |  2.1
Spellcasting   | |  2.8

Action                     |  1- 3 |  4- 6 || total
---------------------------+-------+-------++-------
  Melee: Hand axe          |    14 |       ||    14
         Whip              |     5 |    20 ||    25
   Cast: Sandblast         |    40 |    39 ||    79
    Use: Scroll            |     1 |       ||     1
         Potion            |       |     3 ||     3
 Armour: Robe              |    13 |    29 ||    42
  Dodge: Dodged            |    19 |    27 ||    46
